 Dungeon Crawl Stone Soup version 0.23.1 (webtiles) character file.

Game seed: 11856203840962093450

20 PentaManta the Vandal (level 3, -6/22 HPs)
             Began as a Halfling Arcane Marksman on Mar 13, 2019.
             Mangled by Crazy Yiuf
             ... wielding a +3 quarterstaff of chaos
              (12 damage)
             ... on level 2 of the Dungeon.
             The game lasted 00:02:44 (813 turns).

PentaManta the Vandal (Halfling Arcane Marksman)     Turns: 813, Time: 00:02:45

Health: -6/22      AC:  3    Str: 12    XL:     3   Next: 0%
Magic:  4/4        EV: 15    Int: 11    God:
Gold:   12         SH:  0    Dex: 14    Spells: 3/4 levels left

rFire    . . .     SeeInvis .   a - +0 hunting sling
rCold    . . .     Gourm    .   (shield restricted)
rNeg     . . .     Faith    .   e - +0 robe
rPois    .         Spirit   .   (no helmet)
rElec    .         Reflect  .   (no cloak)
rCorr    .         Harm     .   n - +0 pair of gloves
MR       .....                  (no boots)
Stlth    +.........             (no amulet)
HPRegen  0.07/turn              (no ring)
MPRegen  0.09/turn              (no ring)

@: no status effects
A: small, mutation resistance 1
a: no special abilities


You were on level 2 of the Dungeon.
You were not hungry.

You visited 1 branch of the dungeon, and saw 2 of its levels.

You collected 12 gold pieces.

Inventory:

Hand Weapons
 a - a +0 hunting sling (weapon)
 m - a +0 whip
 q - a +0 mace of holy wrath
Missiles
 d - 8 sling bullets (quivered)
 l - 5 needles of frenzy
Armour
 e - a +0 robe (worn)
 n - a +0 pair of gloves (worn)
Scrolls
 b - 2 scrolls of enchant armour {unknown}
 g - 2 scrolls of blinking {unknown}
 p - a scroll of teleportation {unknown}
Potions
 c - a potion of magic {unknown}
 h - a potion of cancellation {unknown}
 i - a potion of lignification {unknown}
 j - a potion of ambrosia {unknown}
 k - a potion of heal wounds
 o - 2 potions of agility {unknown}
Comestibles
 f - 2 rations


   Skills:
 - Level 0.8 Fighting
 * Level 4.2 Slings
 + Level 2.7 Dodging
 - Level 1.0 Spellcasting
 - Level 2.4 Hexes


You had 3 spell levels left.
You knew the following spells:

 Your Spells              Type           Power        Failure   Level  Hunger
a - Corona                Hex            #......      12%         1    ##.....

Your spell library contained the following spells:

 Spells                   Type           Power        Failure   Level  Hunger
 Slow                     Hex            #.......     19%         2    ###....
 Inner Flame              Hex/Fire       #.......     52%         3    ####...
 Portal Projectile        Hex/Tloc       #.....       52%         3    ####...
 Cause Fear               Hex            #.........   77%         4    #####..
 Leda's Liquefaction      Hex/Erth       #.........   89%         4    #####..


Dungeon Overview and Level Annotations

Branches:
Dungeon (2/15)

Altars:

Annotations:
D:2 Crazy Yiuf


Innate Abilities, Weirdness & Mutations

You are small and have problems with some larger weapons.
You are somewhat resistant to further mutation.


Message History

Press: ? - help, Shift-Dir - straight line, f/p - Crazy Yiuf
Aim: Crazy Yiuf, wielding a +3 quarterstaff of chaos and wearing a +1 cloak (lightly wounded)
You shoot a sling bullet.
The sling bullet closely misses Crazy Yiuf.
Crazy Yiuf closely misses you.
There is a stone staircase leading up here.
You open the door.
Crazy Yiuf waves his quarterstaff at you.
There is an open door here.
Crazy Yiuf barely misses you.
Firing (i - inventory)
d - 9 sling bullets (quivered)
Press: ? - help, Shift-Dir - straight line, f/p - Crazy Yiuf
Aim: Crazy Yiuf, wielding a +3 quarterstaff of chaos and wearing a +1 cloak (lightly wounded)
You shoot a sling bullet. The sling bullet hits Crazy Yiuf!
Crazy Yiuf is heavily wounded.
Crazy Yiuf drinks a potion.
Crazy Yiuf is healed!
A hobgoblin comes into view.
Crazy Yiuf hits you with a +3 quarterstaff of chaos!
Ouch! That really hurt!
You die...

#.#(.#####g
..........
..........
#......... .......
#....
#..#####+#########
#@.##.............
+.g.#.............
#...#.<...........
#...(.......(.(...
#...#.............
##.#####+####.....
#..# #..... #..#
####..... #...
..........


You could see Crazy Yiuf and a hobgoblin (sleeping).

Vanquished Creatures
  A dart slug (D:1)
  A leopard gecko (D:1)
  A giant cockroach (D:1)
  2 hobgoblins (D:1)
  3 bats (D:1)
  2 goblins (D:1)
  3 kobolds (D:1)
  4 rats (D:1)
17 creatures vanquished.

Notes
Turn   | Place    | Note
-------+----------+-------------------------------------------
     0 | D:1      | PentaManta the Halfling Arcane Marksman began the quest for
                  | the Orb.
     0 | D:1      | Reached XP level 1. HP: 12/12 MP: 2/2
   110 | D:1      | Reached XP level 2. HP: 18/18 MP: 3/3
   137 | D:1      | Reached skill level 4 in Slings
   537 | D:1      | Reached XP level 3. HP: 22/22 MP: 4/4
   749 | D:2      | Found a runed translucent door.
   761 | D:2      | Noticed Crazy Yiuf
   813 | D:2      | Mangled by Crazy Yiuf

Skill      XL: |  1  2 |
---------------+-------+-----
Slings         | 4 |  4.2
Fighting       | |  0.8
Dodging        | |  2.7
Spellcasting   | |  1.0
Hexes          | |  2.4

Action                   || total
-------------------------++-------
 Fire: Hunting sling     ||    39
Armor: Robe              ||     1
Dodge: Dodged            ||     9
